 Dungeon Crawl Stone Soup version 0.21-a0-531-gacddea6 (webtiles) character file.

189 slep the Chopper (level 5, -5/27 HPs)
             Began as a Vine Stalker Gladiator on Dec 13, 2017.
             Was an Initiate of Okawaru.
             Killed by divine providence
             ... invoked by an orc priest
              (15 damage)
             ... on level 3 of the Dungeon.
             The game lasted 00:09:25 (2102 turns).

slep the Chopper (Vine Stalker Gladiator)           Turns: 2102, Time: 00:09:25

Health: -5/27      AC:  4    Str: 15 (17) XL:     5   Next: 68%
Magic:  0/6        EV: 13    Int:  7 (8)  God:    Okawaru [......]
Gold:   86         SH:  4    Dex: 15 (16) Spells: 4/4 levels left

rFire    . . .     SeeInvis .   a - +0 war axe
rCold    . . .     Gourm    .   (no shield)
rNeg     . . .     Faith    .   b - +0 leather armour
rPois    .         Spirit   +   c - +0 helmet
rElec    .         Reflect  .   (no cloak)
rCorr    +         Harm     .   (no gloves)
MR       .....                  (no boots)
Stlth    +.........             m - amulet of magic regeneration
HPRegen  0.49/turn              o - ring of resist corrosion
MPRegen  0.35/turn              (no ring)

@: no status effects
A: fangs 2, large bone plates 1, regeneration 1, magic shield, antimagic bite,
no potion heal 3, rot immunity, subdued magic 1
a: Renounce Religion


You were on level 3 of the Dungeon.
You worshipped Okawaru.
Okawaru was noncommittal.
You were not hungry.

You visited 1 branch of the dungeon, and saw 3 of its levels.

You collected 86 gold pieces.

Inventory:

Hand Weapons
 a - a +0 war axe (weapon)
 v - a +0 blowgun
Missiles
 d - 2 throwing nets
 j - 7 javelins (quivered)
Armour
 b - a +0 leather armour (worn)
 c - a +0 helmet (worn)
Jewellery
 m - an amulet of magic regeneration (around neck)
 o - a ring of resist corrosion (left hand)
 r - an uncursed ring of flight
 y - an uncursed ring of ice
Scrolls
 i - 2 scrolls of enchant armour {unknown}
 k - 2 scrolls of remove curse {unknown}
 l - a scroll of magic mapping {unknown}
 n - a scroll of random uselessness {unknown}
 q - 3 scrolls of identify {unknown}
 s - 3 scrolls of teleportation {unknown}
Potions
 e - a potion of flight
 h - a potion of magic
 u - a potion of heal wounds
 z - a potion of degeneration
Comestibles
 f - 2 bread rations
 p - a royal jelly
 w - 2 meat rations
 x - a chunk of flesh
 A - 4 fruits


   Skills:
 + Level 2.4 Fighting
 + Level 4.0 Axes
 + Level 2.3 Throwing
 + Level 1.6 Armour
 + Level 3.0 Dodging
 + Level 0.5 Stealth


You had 4 spell levels left.
You didn't know any spells.

Dungeon Overview and Level Annotations

Branches:
Dungeon (3/15)

Altars:
Ashenzari
Cheibriados
Fedhas
Okawaru
Uskayaw
Vehumet
Yredelemnul
The Shining One

Annotations:
D:3 slep's ghost, novice DsGl


Innate Abilities, Weirdness & Mutations

You have extremely sharp teeth.
Your natural rate of healing is unusually fast.
When hurt, damage is shared between your health and your magic reserves.
Your bite disrupts and absorbs the magic of your enemies.
Potions cannot restore your health.
You are immune to rotting.
You are partially covered in large bone plates. (SH +4)
Your spells are a little easier to cast, but a little less powerful.


Message History

You slash the orc!
You kill the orc!
Okawaru accepts your kill.
You hit the orc priest but do no damage.
Your bite misses the orc priest. You block the orc priest's attack.
You completely miss the orc priest. Your bite misses the orc priest.
The orc priest completely misses you.
You closely miss the orc priest. Your bite misses the orc priest.
The orc priest barely misses you.
You closely miss the orc priest.
The orc priest invokes the aid of Beogh against you.
Beogh smites you!
The orc priest invokes the aid of Beogh against you.
Beogh smites you!
You slash the orc priest!
The orc priest is heavily wounded.
The orc priest mumbles some strange prayers to Beogh against you.
Beogh smites you!
Ouch! That really hurt!
You die...

# #..# #.##..........<.....#.. #.
..###.##..########.####.#.#
#..###.##...>..# #.# #.#.#
..............# #.####.#.#
..............# #.#....#.#
.######.#......#########.#.####.#
.........................#.#..#.#
#######.#.###..###########.#..#.#
........>.# #...@oo...# #.#..#.#
#####.#######..######.# #.#..#.#
...............# ##....#.#
####.####################.......#
..รท......... ................#
####.####### ####....##......##
...#... ..................
##.#.#.# ###....#####.#### .#
#.#... #....# #.#


You could see an orc priest and an orc.

Vanquished Creatures
  Natasha (thrice) (D:3)
  4 adders
  An adder skeleton (D:3)
  A worm (D:3)
  2 dart slugs (D:2)
  A leopard gecko (D:3)
  11 orcs (D:3)
  3 bats
  2 giant cockroaches
  6 hobgoblins
  3 jackals (D:1)
  3 quokkas
  A frilled lizard (D:1)
  3 goblins
  8 kobolds
  5 rats
57 creatures vanquished.

Notes
Turn   | Place    | Note
-------+----------+-------------------------------------------
     0 | D:1      | slep the Vine Stalker Gladiator began the quest for the Orb.
     0 | D:1      | Reached XP level 1. HP: 11/11 MP: 2/2
    93 | D:1      | Reached XP level 2. HP: 3/15 MP: 3/3
   265 | D:1      | Reached skill level 3 in Axes
   784 | D:2      | Reached XP level 3. HP: 18/18 MP: 4/4
   844 | D:2      | Found a shattered altar of Ashenzari.
  1040 | D:2      | Found a hide-covered altar of Uskayaw.
  1124 | D:2      | Found an iron altar of Okawaru.
  1128 | D:2      | Became a worshipper of Warmaster Okawaru
  1134 | D:2      | Found a snail-covered altar of Cheibriados.
  1150 | D:2      | Found a blossoming altar of Fedhas.
  1158 | D:2      | Found a basalt altar of Yredelemnul.
  1378 | D:2      | Noticed Natasha
  1393 | D:3      | Killed Natasha
  1393 | D:3      | Gained mutation: Your natural rate of healing is unusually fast. [Vine Stalker growth]
  1393 | D:3      | Reached XP level 4. HP: 9/23 MP: 5/5
  1432 | D:2      | Reached skill level 1 in Armour
  1433 | D:2      | Found a radiant altar of Vehumet.
  1433 | D:2      | Found a glowing golden altar of the Shining One.
  1545 | D:3      | Noticed Natasha
  1549 | D:3      | Killed Natasha
  1604 | D:3      | Reached XP level 5. HP: 26/26 MP: 6/6
  1959 | D:3      | Noticed Natasha
  1964 | D:3      | Noticed slep's ghost (novice DsGl)
  1968 | D:3      | Killed Natasha
  1968 | D:3      | Reached skill level 4 in Axes
  2010 | D:2      | Gained mutation: Your spells are a little easier to cast, but a little less powerful. [potion of mutation]
  2010 | D:2      | Gained mutation: You are agile. (Dex +2) [potion of mutation]
  2010 | D:2      | Lost mutation: You are agile. (Dex +2) [potion of mutation]
  2010 | D:2      | Gained mutation: You are partially covered in large bone plates. (SH +4) [potion of mutation]
  2102 | D:3      | Killed from afar by an orc priest

Vault maps used:
D:1:      eino_arrival_water_cross, hangedman_feature_mirror, st_stairs_4
D:2:      grunt_temple_overflow_cloverleaf, gammafunk_temple_overflow_elements,
          lemuel_doored_altar, minmay_misc_feat_cross, evilmike_ruin_ashenzari,
          uniq_natasha
D:3:      dk_vineyard_1

Skill      XL: |  1  2  3  4  5 |
---------------+----------------+-----
Fighting       | 2 |  2.4
Axes           | 3 4 |  4.0
Throwing       | 2 |  2.3
Armour         | 1 |  1.6
Dodging        | 3 |  3.0
Stealth        | |  0.5

Action                   |  1- 3 |  4- 6 || total
-------------------------+-------+-------++-------
Melee: War axe           |    65 |    83 ||   148
       Bite              |    11 |    23 ||    34
Throw: Javelin           |    19 |     4 ||    23
       Throwing net      |     2 |       ||     2
  Use: Potion            |       |     6 ||     6
 Stab: Distracted        |       |     1 ||     1
       Sleeping          |       |     1 ||     1
  Eat: Chunk             |       |     4 ||     4
Armor: Leather armour    |    28 |    16 ||    44
Dodge: Dodged            |    64 |    64 ||   128
Block: Other             |       |     1 ||     1

Table legend:
 A = Spawn XP
 B = Non-spawn XP
 C = Spawn XP percentage of total XP
 D = Spawn monster count
 E = Non-spawn monster count
 F = Spawn count percentage of total count
 G = Total turns spent on level
                    A         B        C        D         E        F      G
               +---------+---------+-------+---------+---------+-------+---------
         Total |       0 |     270 |   0.0 |       0 |      57 |   0.0 |  2102
               +---------+---------+-------+---------+---------+-------+---------
           D:1 |       0 |      31 |   0.0 |       0 |      18 |   0.0 |   758
           D:2 |       0 |      50 |   0.0 |       0 |      12 |   0.0 |   754
           D:3 |       0 |     189 |   0.0 |       0 |      27 |   0.0 |   590
               +---------+---------+-------+---------+---------+-------+---------
